 Dungeon Crawl Stone Soup version 0.31.0-9-g3a7656b989 (webtiles) character file.

Game seed: 8480281037327885705

81 Heoruswealwe the Conjurer (level 4, 0/24 HPs)
             Began as a Deep Elf Conjurer on Feb 5, 2024.
             Slain by Doomgape's ghost (7 damage)
             ... on level 3 of the Dungeon.
             The game lasted 00:17:30 (2181 turns).

Heoruswealwe the Conjurer (Deep Elf Conjurer)       Turns: 2181, Time: 00:17:33

Health: 0/24       AC:  3    Str:  4    XL:     4   Next: 20%
Magic:  8/12       EV: 12    Int: 25    God:
Gold:   214        SH:  0    Dex: 13    Spells: 1/12 levels left

rFire   . . .        (no weapon)
rCold   . . .        (no shield)
rNeg    . . .        c - +0 robe
rPois   .            g - +0 helmet
rElec   .            (no cloak)
rCorr   .            (no gloves)
SInv    .            (no boots)
Will    .....        (no amulet)
Stlth   ++           k - +4 ring of slaying
HPRegen 0.24/turn    (no ring)
MPRegen 0.13/turn

%: no passive effects
@: no status effects
A: no striking features
a: no special abilities


You were on level 3 of the Dungeon.
You visited 1 branch of the dungeon, and saw 3 of its levels.

You collected 214 gold pieces.

Inventory:

Armour
 c - a +0 robe (worn)
 d - a +0 robe
 g - a +0 helmet (worn)
Jewellery
 k - a +4 ring of slaying (left hand)
Talismans
 f - a blade talisman
Scrolls
 a - a scroll of silence {unknown}
 e - 4 scrolls of identify {unknown}
 h - 4 scrolls of fog {unknown}
 i - a scroll of immolation {unknown}
 j - a scroll of teleportation {unknown}
 n - a scroll of vulnerability {unknown}
 o - a scroll of fear {unknown}
 p - a scroll of brand weapon {unknown}
Potions
 b - a potion of magic
 l - a potion of degeneration {unknown}
 m - a potion of cancellation {unknown}
 q - a potion of brilliance {unknown}


   Skills:
 - Level 2.4 Dodging
 - Level 2.4 Stealth
 + Level 4.8 Spellcasting
 + Level 5.4 Conjurations


You had one spell level left.
You knew the following spells:

 Your Spells              Type           Power      Damage    Failure   Level
a - Magic Dart            Conj           100%       1d8       1%          1
b - Searing Ray           Conj           66%        2d6       1%          2
c - Fulminant Prism       Conj/Alch      9%         3d7       26%         4
d - Iskenderun's Mystic   Conj/Tloc      19%        2d6       26%         4

Your spell library contained the following spells:

 Spells                   Type           Power      Damage    Failure   Level


Dungeon Overview and Level Annotations

Branches:
Dungeon (3/15)

Altars:
Uskayaw

Annotations:
D:3 Doomgape's ghost, amateur DsSh


Message History

Found an embroidered scarf.
Found a roughly hewn altar of Beogh.
Doomgape's ghost laughs crazily.
You open the gate.
Found a ring mail.
Doomgape's ghost attacks as it pursues you!
Doomgape's ghost barely misses you.
Doomgape's ghost attacks as it pursues you!
Doomgape's ghost hits you.
Doomgape's ghost attacks as it pursues you!
Doomgape's ghost hits you.
Doomgape's ghost attacks as it pursues you!
Doomgape's ghost hits you but does no damage.
Doomgape's ghost attacks as it pursues you!
Doomgape's ghost hits you!
* * * LOW HITPOINT WARNING * * *
The orc shouts!
Casting: Magic Dart (safe; 1% risk of failure)
Confirm with . or Enter, or press ? or * to list all spells.
Aiming: Searing Ray (safe; 1% risk of failure)
Press: ? - help, Shift-Dir - straight line, f - Doomgape's ghost
Aim: Doomgape's ghost (76% to hit)
The searing ray hits Doomgape's ghost!
Doomgape's ghost is lightly damaged.
The searing ray hits the orc.
You kill the orc! (Press . to maintain the ray.) Doomgape's ghost misses you.
The searing ray hits Doomgape's ghost.
Doomgape's ghost is moderately damaged.
The searing ray hits the orc.
The orc is severely wounded.
Doomgape's ghost hits you.
* * * LOW HITPOINT WARNING * * *
The searing ray hits Doomgape's ghost.
Doomgape's ghost is heavily damaged.
The searing ray hits the orc!
You kill the orc!
The orc shouts!
Doomgape's ghost hits you!
You die...

##### ....########
###........#####
###..##........########
..).<...##.###.#......#
.##..#####.# #.#.####.#
.##........# #......#.#
.†..######## ###.##.#.##
.#### #@......#
....########## #W......#
....##.......# #o##.##.#
.†...#.......# #)...##.#
.....#......†# #..####.#
.............# #.o####.#
....##.[..<..# #.......#
...###......########8o.#
#.## #......#8.....#...#


You could see Doomgape's ghost and 2 orcs.

Vanquished Creatures
  3 adders (D:3)
  2 dart slugs (D:1)
  2 orcs (D:3)
  2 endoplasms (D:2)
  A giant cockroach (D:1)
  3 goblins
  A hobgoblin (D:1)
  7 jackals (D:3)
  5 kobolds
  A quokka (D:3)
  7 ball pythons
  5 bats
  4 frilled lizards (D:1)
  5 rats
48 creatures vanquished.

Notes
Turn   | Place    | Note
-------+----------+-------------------------------------------
     0 | D:1      | Heoruswealwe the Deep Elf Conjurer began the quest for the
                  | Orb.
     0 | D:1      | Reached XP level 1. HP: 10/10 MP: 6/6
   278 | D:1      | Reached XP level 2. HP: 15/15 MP: 6/8
   281 | D:1      | Learned a level 2 spell: Searing Ray
  1028 | D:2      | Reached skill level 5 in Conjurations
  1028 | D:2      | Reached XP level 3. HP: 16/19 MP: 5/10
  1923 | D:3      | Found a hide-covered altar of Uskayaw.
  1931 | D:3      | Reached XP level 4. HP: 20/24 MP: 5/12
  1939 | D:3      | Learned a level 4 spell: Fulminant Prism
  1944 | D:3      | Learned a level 4 spell: Iskenderun's Mystic Blast
  2144 | D:3      | Found a runed translucent gate.
  2146 | D:3      | Found a runed translucent gate.
  2147 | D:3      | Found a runed translucent gate.
  2149 | D:3      | Identified the +9 sling "Uruceij" {flame, rF+ Dex+3}
  2149 | D:3      | Noticed Doomgape's ghost (amateur DsSh)
  2181 | D:3      | Slain by Doomgape's ghost

Illustrated notes

Levels and vault maps discovered:
D:1:      lightli_arrival_boilingwater, layout_basic, nicolae_figureground_pulse
D:2:      layout_rooms, kennysheep_cross_bottleneck
D:3:      layout_loops_cross, mainiacjoe_overflow_24_doors,
          biasface_ghost_orc_armoury

Skill      XL: |  1  2 |
---------------+-------+-----
Spellcasting   | 4 |  4.8
Conjurations   | 5 |  5.4
Dodging        | |  2.4
Stealth        | |  2.4

Action                     |  1- 3 |  4- 6 || total
---------------------------+-------+-------++-------
  Melee: Unarmed           |     1 |       ||     1
   Cast: Magic Dart        |    70 |     7 ||    77
         Searing Ray       |     1 |     1 ||     2
 Armour: Robe              |    14 |     8 ||    22
  Dodge: Dodged            |    16 |     3 ||    19
